 Dungeon Crawl Stone Soup version 0.22-a0-422-g9628fc8 (webtiles) character file.

5080 Veiltonx the Arsonist (level 10, -3/84 HPs)
             Began as a Green Draconian Fire Elementalist on May 17, 2018.
             Was an Initiate of Vehumet.
             Shot with an arrow by a centaur warrior (17 damage)
             ... on level 9 of the Dungeon.
             The game lasted 00:47:26 (8675 turns).

Veiltonx the Arsonist (DrFE)                        Turns: 8675, Time: 00:47:26

Health: -3/84      AC: 10    Str: 11    XL:     10   Next: 31%
Magic:  2/19       EV: 14    Int: 30    God:    Vehumet [......]
Gold:   302        SH:  4    Dex: 11    Spells: 10/22 levels left

rFire    . . .     SeeInvis .   c - +5 dagger of Zidotwust {venom, Int+5}
rCold    + . .     Gourm    .   l - +0 buckler
rNeg     . . .     Faith    .   (armour unavailable)
rPois    +         Spirit   .   (helmet restricted)
rElec    .         Reflect  .   y - +1 cloak {+Inv}
rCorr    .         Harm     .   (no gloves)
MR       ++...                  i - +0 pair of boots
Stlth    ++........             (no amulet)
HPRegen  0.24/turn              p - ring "Geqoidin" {rC+ MR+ Int+6}
MPRegen  0.16/turn              n - ring of protection from magic

@: no status effects
A: breathe noxious fumes, unfitting armour, poison resistance, cold-blooded, AC
+7
a: Breathe Noxious Fumes, Renounce Religion, Evoke Invisibility


You were on level 9 of the Dungeon.
You worshipped Vehumet.
Vehumet was noncommittal.
You were not hungry.

You visited 2 branches of the dungeon, and saw 12 of its levels.

You collected 452 gold pieces.
You spent 150 gold pieces at shops.

Inventory:

Hand Weapons
 c - the +5 dagger of Zidotwust (weapon) {venom, Int+5}
   (You took it off an orc priest on level 6 of the Dungeon)

   It poisons the flesh of those it strikes.
   It affects your intelligence (+5).
 m - a +2 short sword of speed
Missiles
 f - 7 javelins
 h - 9 tomahawks of returning
 s - 10 tomahawks (quivered)
Armour
 i - a +0 pair of boots (worn)
 l - a +0 buckler (worn)
 r - a +2 shield
 y - a +1 cloak of invisibility (worn)
Magical Staves
 x - an uncursed staff of conjuration
 L - an uncursed staff of cold
Jewellery
 e - an uncursed ring of protection from cold
 n - a ring of protection from magic (right hand)
 o - an uncursed ring of stealth
 p - the ring "Geqoidin" (left hand) {rC+ MR+ Int+6}
   (You bought it in a shop on level 7 of the Dungeon)

   [ring of protection from cold]

   It affects your intelligence (+6).
   It protects you from cold.
   It affects your resistance to hostile enchantments.
 A - an uncursed ring of protection from fire
Wands
 d - a wand of flame (49)
Scrolls
 j - a scroll of silence {unknown}
 k - a scroll of fog
 q - a scroll of teleportation
 z - a scroll of blinking {unknown}
 D - a scroll of enchant weapon
 E - a scroll of brand weapon {unknown}
 F - a scroll of acquirement {unknown}
 H - a scroll of fear
Potions
 a - 2 potions of berserk rage
 g - a potion of invisibility
 t - a potion of cancellation
 u - a potion of magic
 v - 2 potions of agility
 w - 3 potions of curing
 C - a potion of mutation
 G - a potion of lignification
 I - a potion of flight {unknown}
 J - 2 potions of resistance
Comestibles
 b - 20 rations


   Skills:
 + Level 6.8 Fighting
 + Level 5.4 Dodging
 - Level 1.7 Stealth
 - Level 4.1 Shields
 + Level 6.5 Spellcasting
 + Level 6.6 Conjurations
 - Level 8.0 Fire Magic


You had 10 spell levels left.
You knew the following spells:

 Your Spells              Type           Power        Failure   Level  Hunger
a - Flame Tongue          Conj/Fire      #####        1%          1    None
b - Throw Flame           Conj/Fire      ######       1%          2    None
c - Sticky Flame          Conj/Fire      ######..     2%          4    ##.....
d - Fireball              Conj/Fire      ######....   7%          5    #####..

Your spell library contained the following spells:

 Spells                   Type           Power        Failure   Level  Hunger
 Conjure Flame            Conj/Fire      ######..     1%          3    None
 Summon Small Mammal      Summ           #...         4%          1    None
 Summon Ice Beast         Ice/Summ       #.......     45%         4    ##.....
 Call Imp                 Summ           #.......     8%          2    None
 Call Canine Familiar     Summ           #.......     16%         3    None
 Inner Flame              Hex/Fire       ####....     3%          3    None
 Summon Lightning Spire   Summ/Air       #.......     45%         4    ##.....
 Summon Guardian Golem    Hex/Summ       #.......     16%         3    None


Dungeon Overview and Level Annotations

Branches:
Dungeon (11/15)            Temple (1/1) D:7            Lair (0/6) D:8
    Orc: D:9-12

Altars:
Ashenzari
Cheibriados
Dithmenos
Elyvilon
Fedhas
Gozag
Hepliaklqana
Kikubaaqudgha
Makhleb
Nemelex Xobeh
Okawaru
Qazlal
Ru
Sif Muna
Trog
Uskayaw
Vehumet
Wu Jian
Xom
Yredelemnul
Zin
The Shining One

Shops:
D:5 ?   D:7 *}

Annotations:
D:10 Totori's ghost, novice GrAr


Innate Abilities, Weirdness & Mutations

You can breathe blasts of noxious fumes.
Your lurid green scales are hard. (AC +7)
You cannot fit into any form of body armour.
Your system is resistant to poisons. (rPois)
You are cold-blooded and may be slowed by cold attacks.


Message History

The puff of flame hits the centaur warrior.
The centaur warrior is severely wounded.
The centaur warrior shoots an arrow.
You block the arrow.
Casting: Throw Flame (safe; 1% risk of failure)
Confirm with . or Enter, or press ? or * to list all spells.
Aiming: Throw Flame (safe; 1% risk of failure)
Press: ? - help, Shift-Dir - straight line, f/p - centaur warrior
Aim: a centaur warrior, wielding a shortbow (severely wounded)
The puff of flame hits the centaur warrior.
The centaur warrior is severely wounded.
The centaur warrior shoots an arrow.
The arrow closely misses you.
Casting: Throw Flame (safe; 1% risk of failure)
Confirm with . or Enter, or press ? or * to list all spells.
Aiming: Throw Flame (safe; 1% risk of failure)
Press: ? - help, Shift-Dir - straight line, f/p - centaur warrior
Aim: a centaur warrior, wielding a shortbow (severely wounded)
The puff of flame hits the centaur warrior.
The centaur warrior is almost dead.
The centaur warrior shoots an arrow.
The arrow hits you!
You die...

########.#########......######
#.# ##.##### # #.# #..# #.#
##.### #.# #...# #..
######'#### ###.###
#.........#
#......####.........#
#.....$@.##.........####
#......#.##.........'<.#
....c..#..'.........##..
#......####.........####
#.....? #####+##### #......
#####.# ..


You could see a centaur warrior.

Vanquished Creatures
  A two-headed ogre (D:8)
  A komodo dragon (D:8)
  A hornet (D:9)
  Prince Ribbit (D:5)
  A vampire (D:10)
  A water moccasin (D:8)
  Duvessa (D:4)
  3 black bears
  An ice beast (D:6)
  An ogre (D:9)
  A phantom (D:9)
  4 centaurs
  A crocodile (D:7)
  4 bullfrogs
  Dowan (D:4)
  2 scorpions
  A howler monkey (D:8)
  7 crimson imps
  3 centaur zombies
  A quasit (D:6)
  5 hounds
  A bullfrog skeleton (D:7)
  7 orc priests
  Crazy Yiuf (D:5)
  3 jellies
  6 orc wizards
  3 iguanas
  Ijyb (D:4)
  4 worker ants
  2 hound skeletons
  7 adders
  A shadow imp (D:5)
  4 oozes
  2 worms
  2 adder skeletons
  An adder zombie (D:7)
  3 dart slugs
  6 leopard geckos
  24 orcs
  8 bats
  6 giant cockroaches
  3 goblins
  9 hobgoblins
  8 kobolds
  6 quokkas
  4 frilled lizards
  A leopard gecko zombie (D:5)
  2 quokka skeletons (D:4)
  A quokka zombie (D:8)
  6 rats
174 creatures vanquished.

Vanquished Creatures (others)
  2 plants (D:8)
2 creatures vanquished.

Grand Total: 176 creatures vanquished

Notes
Turn   | Place    | Note
-------+----------+-------------------------------------------
     0 | D:1      | Veiltonx the Draconian Fire Elementalist began the quest for the Orb.
     0 | D:1      | Reached XP level 1. HP: 14/14 MP: 3/3
   120 | D:1      | Reached XP level 2. HP: 18/20 MP: 3/5
   124 | D:1      | Learned a level 2 spell: Throw Flame
   826 | D:1      | Reached XP level 3. HP: 26/26 MP: 6/6
  1493 | D:2      | Reached XP level 4. HP: 13/33 MP: 5/8
  1799 | D:3      | Reached skill level 4 in Fire Magic
  1848 | D:3      | Reached XP level 5. HP: 34/38 MP: 4/9
  2168 | D:3      | Found a shattered altar of Ashenzari.
  2549 | D:4      | Noticed Ijyb
  2584 | D:4      | Killed Ijyb
  2588 | D:4      | Reached XP level 6. HP: 32/45 MP: 4/11
  2697 | D:4      | Noticed Duvessa
  2741 | D:4      | Noticed Dowan
  2758 | D:4      | Killed Dowan
  2773 | D:4      | Killed Duvessa
  2773 | D:4      | Reached skill level 5 in Fire Magic
  3050 | D:4      | Found a glowing silver altar of Zin.
  3124 | D:4      | Your scales start taking on a lurid green colour.
  3124 | D:4      | Reached XP level 7. HP: 47/50 MP: 13/13
  3124 | D:4      | Gained mutation: Your system is resistant to poisons. (rPois) [Green Draconian growth]
  3329 | D:5      | Entered Level 5 of the Dungeon
  3587 | D:5      | Found a runed door.
  3591 | D:5      | Noticed Crazy Yiuf
  3597 | D:5      | Killed Crazy Yiuf
  3757 | D:5      | Found an opulent altar of Gozag.
  3860 | D:5      | Found Acur Giu's Magic Scroll Boutique.
  3873 | D:5      | Noticed Prince Ribbit
  3882 | D:5      | Killed Prince Ribbit
  3882 | D:5      | Reached skill level 5 in Spellcasting
  3882 | D:5      | Reached skill level 5 in Conjurations
  3882 | D:5      | Reached skill level 6 in Fire Magic
  3893 | D:5      | Learned a level 4 spell: Sticky Flame
  3903 | D:5      | Reached XP level 8. HP: 26/57 MP: 2/15
  4744 | D:6      | Reached skill level 1 in Fighting
  4993 | D:6      | Got a crystal dagger {venom}
  5006 | D:6      | Identified the +5 dagger of Zidotwust {venom, Int+5} (You took it off an orc priest on level 6 of the Dungeon)
  5406 | D:7      | Found a staircase to the Ecumenical Temple.
  5460 | D:7      | Learned a level 5 spell: Fireball
  5988 | D:7      | Found Tyhareag's Assorted Antiques.
  6001 | D:7      | Bought a slimy lapis lazuli ring for 150 gold pieces
  6002 | D:7      | Identified the ring "Geqoidin" {rC+ MR+ Int+6} (You bought it in a shop on level 7 of the Dungeon)
  6143 | D:7      | Reached XP level 9. HP: 70/71 MP: 9/17
  6253 | D:7      | Reached skill level 1 in Shields
  6373 | D:7      | Found Tiocor's Gadget Boutique.
  6485 | D:8      | Reached skill level 7 in Fire Magic
  6776 | D:8      | Found a staircase to the Lair.
  6777 | D:8      | Noticed a komodo dragon
  6814 | D:8      | Killed a komodo dragon
  6814 | D:8      | Reached skill level 5 in Fighting
  7071 | D:8      | Noticed a two-headed ogre
  7080 | D:8      | Killed a two-headed ogre
  7476 | D:9      | HP: 3/75 [poisoned by a hornet]
  7483 | D:9      | HP: 2/75 [poisoned by a hornet]
  7490 | D:9      | HP: 1/75 [poisoned by a hornet]
  7498 | D:9      | HP: 1/75 [poisoned by a hornet]
  7652 | D:9      | Reached skill level 8 in Fire Magic
  7758 | Temple   | Entered the Ecumenical Temple
  7842 | Temple   | Became a worshipper of Vehumet
  7950 | D:9      | You fall through a shaft for 2 floors!
  7950 | D:11     | Found a hazy altar of Hepliaklqana.
  7970 | D:11     | Reached XP level 10. HP: 73/84 MP: 1/19
  8000 | D:11     | Reached skill level 5 in Dodging
  8031 | D:10     | Entered Level 10 of the Dungeon
  8171 | D:10     | Noticed Totori's ghost (novice GrAr)
  8182 | D:10     | Found a basalt altar of Yredelemnul.
  8666 | D:9      | Noticed a centaur warrior
  8675 | D:9      | Shot with an arrow by a centaur warrior

Vault maps used:
D:1:      minmay_arrival_radiant_lines, minmay_heptomino_l4
D:3:      nicolae_ashenzari_panopticon
D:4:      kennysheep_mini_moat, first_ration, kennysheep_generic_room_12,
          uniq_duvessa, uniq_ijyb
D:5:      serial_shops, shop, grunt_gozag_breadcrumbs, uniq_prince_ribbit1,
          uniq_crazy_yiuf_cottage
D:7:      minmay_temple_entry_grid, serial_shops, nicolae_shop_stone, shop
D:8:      david_lair_shrubbed
D:10:     serial_glass, glass_columns_a, glass_columns_a, glass_columns_c,
          glass_columns_a, glass_columns_a, glass_columns_c, glass_columns_c,
          glass_columns_a, glass_columns_a, glass_columns_c, basic_altar,
          nicolae_trove_entry_crossroad
D:11:     orc_0_dummy, basic_altar, the_bakery, hangedman_decor_clover_reticule,
          serial_park_tiny_pond, uniq_maurice, uniq_josephine
Temple:   grunt_wide_crystal_templ

Skill      XL: |  1  2  3  4  5  6  7  8  9 10 |
---------------+-------------------------------+-----
Conjurations   | 2 3 4 5 6 |  6.6
Spellcasting   | 3 4 5 6 |  6.5
Fire Magic     | 4 5 6 8 |  8.0
Fighting       | 4 6 |  6.8
Dodging        | 3 4 5 |  5.4
Shields        | 4 |  4.1
Stealth        | |  1.7

Action                   |  1- 3 |  4- 6 |  7- 9 | 10-12 || total
-------------------------+-------+-------+-------+-------++-------
Melee: Club              |   103 |       |       |       ||   103
       Tailslap          |    14 |    22 |    22 |     7 ||    65
       Short sword       |    15 |   215 |   149 |       ||   379
       Dagger            |       |       |   105 |    34 ||   139
       Staff             |       |       |    35 |       ||    35
Throw: Tomahawk          |       |     5 |    12 |       ||    17
 Cast: Flame Tongue      |    13 |    19 |    59 |     3 ||    94
       Throw Flame       |     3 |    11 |   130 |    40 ||   184
  Use: Scroll            |       |     5 |    10 |     4 ||    19
       Potion            |       |     1 |     6 |       ||     7
 Stab: Sleeping          |     3 |     3 |     5 |       ||    11
  Eat: Chunk             |     2 |     6 |    16 |     2 ||    26
Armor: Skin              |    62 |    70 |   134 |    10 ||   276
Dodge: Dodged            |   107 |   108 |   213 |    20 ||   448
Block: Buckler           |       |       |    11 |     6 ||    17

Table legend:
 A = Spawn XP
 B = Non-spawn XP
 C = Spawn XP percentage of total XP
 D = Spawn monster count
 E = Non-spawn monster count
 F = Spawn count percentage of total count
 G = Total turns spent on level
                    A         B        C        D         E        F      G
               +---------+---------+-------+---------+---------+-------+---------
         Total |       0 |    7258 |   0.0 |       0 |     174 |   0.0 |  8675
               +---------+---------+-------+---------+---------+-------+---------
           D:1 |       0 |      53 |   0.0 |       0 |      24 |   0.0 |  1112
           D:2 |       0 |      84 |   0.0 |       0 |       9 |   0.0 |   638
           D:3 |       0 |     161 |   0.0 |       0 |      31 |   0.0 |   742
           D:4 |       0 |     475 |   0.0 |       0 |      15 |   0.0 |   837
           D:5 |       0 |     658 |   0.0 |       0 |      18 |   0.0 |  1269
           D:6 |       0 |     676 |   0.0 |       0 |      17 |   0.0 |   807
           D:7 |       0 |    1001 |   0.0 |       0 |      22 |   0.0 |  1100
           D:8 |       0 |    1842 |   0.0 |       0 |      17 |   0.0 |  1037
           D:9 |       0 |     898 |   0.0 |       0 |      11 |   0.0 |   684
          D:10 |       0 |     848 |   0.0 |       0 |       7 |   0.0 |   274
          D:11 |       0 |     562 |   0.0 |       0 |       3 |   0.0 |    81
               +---------+---------+-------+---------+---------+-------+---------
